 Dungeon Crawl Stone Soup version 0.27-a0-1202-ge72e49191c (webtiles) character file.

Game seed: 11839610701379932283

82 Ijustatesigmund the Skirmisher (level 4, -2/37 HPs)
             Began as a Demonspawn Fighter on June 2, 2021.
             Killed by divine providence
             ... invoked by an orc priest
              (8 damage)
             ... on level 3 of the Dungeon.
             The game lasted 00:03:41 (2505 turns).

Ijustatesigmund the Skirmisher (Demonspawn Fighter) Turns: 2505, Time: 00:03:42

Health: -2/37      AC:  7    Str: 16    XL:     4   Next: 21%
Magic:  4/4        EV:  6    Int:  9    God:
Gold:   71         SH:  8    Dex: 14    Spells: 3/3 levels left

rFire    . . .     SeeInvis +   a - +0 war axe
rCold    . . .     Faith    .   c - +0 kite shield
rNeg     . . .     Spirit   .   b - +0 scale mail
rPois    .         Reflect  .   (no helmet)
rElec    .         Harm     .   m - +0 cloak
rCorr    .         Rampage  .   (no gloves)
Will     .....                  (no boots)
Stlth    ..........             (no amulet)
HPRegen  0.12/turn              i - ring of see invisible
MPRegen  0.09/turn              (no ring)

@: no status effects
A: demonic magic 1
a: no special abilities


You were on level 3 of the Dungeon.
You visited 1 branch of the dungeon, and saw 3 of its levels.

You collected 71 gold pieces.

Inventory:

Hand Weapons
 a - a +0 war axe (weapon)
Armour
 b - a +0 scale mail (worn)
 c - a +0 kite shield (worn)
 m - a +0 cloak (worn)
Jewellery
 i - a ring of see invisible (left hand)
Potions
 d - a potion of might
 f - a potion of lignification {unknown}
 g - 2 potions of heal wounds {unknown}
 h - a potion of brilliance {unknown}
 j - 2 potions of flight {unknown}


   Skills:
 + Level 3.7 Fighting
 * Level 3.5 Axes
 - Level 2.6 Armour
 - Level 2.6 Shields


You had 3 spell levels left.
You didn't know any spells.
Your spell library contained the following spells:

 Spells                   Type           Power      Damage    Failure   Level
 Animate Skeleton         Necr           0%         N/A       100%        1
 Apportation              Tloc           0%         N/A       100%        1
 Corona                   Hex            0%         N/A       100%        1
 Summon Small Mammal      Summ           0%         N/A       100%        1


Dungeon Overview and Level Annotations

Branches:
Dungeon (3/15)

Altars:
Makhleb


Innate Abilities, Weirdness & Mutations

Spells you cast may paralyse adjacent enemies.


Message History

Beogh smites you! The orc priest closely misses you.
You closely miss the orc priest.
The orc priest hits you with a +0 morningstar!
You are too injured to fight recklessly!
You are too injured to fight recklessly!
You are too injured to fight recklessly!
You are too injured to fight recklessly!
You are too injured to fight recklessly!
You are too injured to fight recklessly!
You are too injured to fight recklessly!
You are too injured to fight recklessly!
The orc priest miscasts a cantrip.
You slash the orc!
You kill the orc!
You closely miss the orc priest.
The orc priest invokes the aid of Beogh against you.
You barely resist.
The orc priest hits you with a +0 morningstar.
* * * LOW HITPOINT WARNING * * *
You hit the orc priest.
The orc priest is moderately wounded.
An orc comes into view. It is wielding a +0 club.
You block the orc priest's attack.
You closely miss the orc priest.
The orc priest is moderately wounded.
You block the orc priest's attack. The orc priest barely misses you.
You closely miss the orc priest.
The orc priest is moderately wounded.
The orc priest looks encouraged for a moment.
You hit the orc priest.
The orc priest is severely wounded.
The orc priest hits you but does no damage.
The orc priest mumbles some strange prayers to Beogh against you.
Pain shoots through your body!
* * * LOW HITPOINT WARNING * * *
You closely miss the orc priest.
The orc priest is severely wounded.
The orc priest mumbles some strange prayers to Beogh against you.
Beogh smites you!
You die...

#.# #.# #########
#.# #.......#
#.############.#####
#..................#
##############.#.###
# #.#!# # #.#)# #
#.#@# #.#o#
#.#o)...# #.#######


You could see an orc priest and an orc.

Vanquished Creatures
  Crazy Yiuf (D:2)
  2 adders (D:2)
  2 dart slugs (D:2)
  3 orcs (D:3)
  A bat (D:2)
  2 endoplasms (D:1)
  A giant cockroach (D:2)
  2 hobgoblins
  A quokka (D:1)
  5 ball pythons
  2 frilled lizards (D:2)
  2 goblins
  5 kobolds
  2 rats
  A bush (D:2)
32 creatures vanquished.

Vanquished Creatures (others)
  4 fungi (D:2)
4 creatures vanquished.

Grand Total: 36 creatures vanquished

Notes
Turn   | Place    | Note
-------+----------+-------------------------------------------
     0 | D:1      | Ijustatesigmund the Demonspawn Fighter began the quest for
                  | the Orb.
     0 | D:1      | Reached XP level 1. HP: 18/18 MP: 1/1
   416 | D:1      | Gained mutation: Spells you cast may paralyse adjacent
                  | enemies. [demonic ancestry]
   416 | D:1      | Reached XP level 2. HP: 24/24 MP: 2/2
  1085 | D:2      | Found a runed translucent door.
  1086 | D:2      | Noticed Crazy Yiuf
  1094 | D:2      | Killed Crazy Yiuf
  1095 | D:2      | Reached XP level 3. HP: 19/29 MP: 3/3
  1344 | D:2      | Found a faded altar of an unknown god.
  1406 | D:2      | Found a burning altar of Makhleb.
  1829 | D:2      | Reached XP level 4. HP: 32/37 MP: 4/4
  2505 | D:3      | Killed from afar by an orc priest

Illustrated notes

Levels and vault maps discovered:
D:1:      lightli_arrival_statue_moat, layout_rooms
D:2:      layout_basic, shapermc_ecumenical_altar_gd, basic_altar,
          lemuel_old_faithful, uniq_crazy_yiuf_cottage
D:3:      layout_basic, nicolae_dithmenos_the_darkroom, serial_shops, shop,
          eino_tiny_chamber, uniq_robin, uniq_ijyb

Skill      XL: |  1  2 |
---------------+-------+-----
Axes           | 2 3 |  3.5
Fighting       | |  3.7
Armour         | |  2.6
Shields        | |  2.6

Action                   |  1- 3 |  4- 6 || total
-------------------------+-------+-------++-------
Melee: War axe           |   178 |    18 ||   196
  Use: Scroll            |     3 |     1 ||     4
Armor: Scale mail        |    55 |     6 ||    61
Dodge: Dodged            |    38 |     3 ||    41
Block: Kite shield       |    60 |     6 ||    66

Table legend: (Time is in decaauts)
 A = Elapsed time spent in this place.
 B = Non-inter-level travel time spent in this place.
 C = Inter-level travel time spent in this place.
 D = Time resting spent in this place.
 E = Time spent auto-exploring this place.
 F = Levels seen in this place.
 G = Mean time per level.
                   A        B        C        D        E       F      G
               +--------+--------+--------+--------+--------+-----+--------+
         Total |   2628 |   2470 |    158 |    278 |   1715 |   3 |  876.0 |
       Dungeon |   2628 |   2470 |    158 |    278 |   1715 |   3 |  876.0 |
               +--------+--------+--------+--------+--------+-----+--------+

Top non-repeatable levels by time:
     D:2: 1600 daAuts
     D:1: 907 daAuts
     D:3: 121 daAuts
